 Dungeon Crawl Stone Soup version 0.23-a0-577-g2b1de94 (console) character file.

2119 Duffy the Skirmisher (level 9, 0/86 HPs)
             Began as a Naga Wizard on Dec 14, 2018.
             Was a Follower of Vehumet.
             Slain by a gnoll
             ... wielding a +0 flail
              (10 damage)
             ... on level 8 of the Dungeon.
             The game lasted 00:12:44 (9974 turns).

Duffy the Skirmisher (Naga Wizard)                  Turns: 9974, Time: 00:12:45

Health: 0/86       AC:  7    Str: 18    XL:     9   Next: 29%
Magic:  18/18      EV: 15    Int: 23    God:    Vehumet [*.....]
Gold:   426        SH:  5    Dex: 18    Spells: 10/21 levels left

rFire    . . .     SeeInvis +   m - +2 dagger (elec)
rCold    . . .     Gourm    .   D - +0 buckler
rNeg     . . .     Faith    .   l - +1 robe of the Poles {Str+4 Dex+4}
rPois    +         Spirit   .   w - +0 helmet
rElec    .         Reflect  .   (no cloak)
rCorr    .         Harm     .   e - +0 pair of gloves
MR       +....                  (no barding)
Stlth    ++++......             (no amulet)
HPRegen  0.24/turn              (no ring)
MPRegen  0.16/turn              H - ring of stealth

@: mighty, agile, lethally poisoned (0 -> -1), very slightly contaminated,
invisible, very slow
A: large, see invisible, deformed body, poison resistance, slowness 2, slow
metabolism 1, spit poison 1, AC +3
a: Spit Poison, Renounce Religion


You were on level 8 of the Dungeon.
You worshipped Vehumet.
Vehumet was aware of your devotion.
You were very hungry.

You visited 2 branches of the dungeon, and saw 9 of its levels.

You collected 426 gold pieces.

Inventory:

Hand Weapons
 i - a +0 spear
 m - a +2 dagger of electrocution (weapon)
 x - a cursed +5 scimitar
Missiles
 A - a throwing net (quivered)
 E - 6 curare-tipped needles
Armour
 e - a +0 pair of gloves (worn)
 l - the +1 robe of the Poles (worn) {Str+4 Dex+4}
   (You found it on level 4 of the Dungeon)

   It affects your strength (+4).
   It affects your dexterity (+4).
 w - a +0 helmet (worn)
 D - a +0 buckler (worn)
Jewellery
 H - a ring of stealth (right hand)
Wands
 r - a wand of polymorph (14)
 s - a wand of iceblast (6)
Scrolls
 h - a scroll of fog
 j - a scroll of enchant weapon
 u - a scroll of noise
 y - 3 scrolls of remove curse
 C - a scroll of enchant armour {unknown}
Potions
 a - a potion of berserk rage
 c - 3 potions of agility
 o - a potion of haste {unknown}
 p - a potion of might
 q - a potion of resistance
 v - a potion of mutation
 z - 2 potions of flight
 F - a potion of cancellation
Comestibles
 d - 13 rations


   Skills:
 + Level 7.3 Fighting
 - Level 1.5 Dodging
 - Level 3.0 Stealth
 + Level 1.7 Shields
 - Level 6.6 Spellcasting
 - Level 6.3 Conjurations
 - Level 1.0 Summonings
 - Level 1.0 Translocations


You had 10 spell levels left.
You knew the following spells:

 Your Spells              Type           Power        Failure   Level  Hunger
h - Magic Dart            Conj           ####         1%          1    None
i - Call Imp              Summ           ##......     10%         2    None
l - Conjure Flame         Conj/Fire      ###.....     8%          3    None
o - Mephitic Cloud        Conj/Pois/Air  ###.....     12%         3    None
B - Blink                 Tloc           N/A          10%         2    None

Your spell library contained the following spells:

 Spells                   Type           Power        Failure   Level  Hunger
 Flame Tongue             Conj/Fire      ###..        2%          1    None
 Slow                     Hex            #.......     14%         2    None


Dungeon Overview and Level Annotations

Branches:
Dungeon (8/15)             Temple (1/1) D:7
   Lair: D:8-11

Altars:
Ashenzari
Cheibriados
Dithmenos
Elyvilon
Fedhas
Gozag
Hepliaklqana
Kikubaaqudgha
Makhleb
Nemelex Xobeh
Qazlal
Ru
Sif Muna
Trog
Uskayaw
Vehumet
Wu Jian
Xom
Yredelemnul
Zin
The Shining One

Shops:
D:5 :

Annotations:
D:3 Grinder


Innate Abilities, Weirdness & Mutations

You cannot wear boots.
Your serpentine skin is tough. (AC +3)
You have supernaturally acute eyesight. (SInv)
Armour fits poorly on your strangely shaped body.
Your system is resistant to poisons. (rPois)
You cover ground very slowly.
You have a slow metabolism.
You can spit poison.


Message History

You are very lightly contaminated with residual magic.
You barely miss the gnoll.
You strike the helpless gnoll from behind!
You hit the gnoll.
The gnoll is heavily wounded.
You feel sick.
You hit the gnoll.
The gnoll is heavily wounded.
You hit the gnoll. Lightning courses through the gnoll!
You kill the gnoll!
Vehumet accepts your kill.
You feel sick.
You hit the gnoll.
The gnoll is moderately wounded.
The gnoll hits you with a +0 flail. The gnoll barely misses you.
You feel very mighty all of a sudden. The gnoll hits you but does no damage.
You feel agile all of a sudden.
You feel sick. The gnoll hits you with a +0 flail!
You die...

... .. .. ... #.### ....
#..#.... #..#
#..###..#...# #.
....<.............# ...
..#.............#g####....
###....###......#@).....##
####..###.......##g.......
#.##.............#g..#....
..........................
........#.#.....g..#.#.#..
..........................
...#..........g....#.#.#.#
..###.....................
.#####)............#.#.#..


You could see 3 gnolls.

Vanquished Creatures
  A two-headed ogre (D:8)
  A hornet zombie (D:7)
  A sky beast (D:7)
  A phantom (D:6)
  A necrophage (D:6)
  A centaur (D:7)
  A wyvern skeleton (D:6)
  A water moccasin skeleton (D:7)
  3 wights (D:6)
  A howler monkey (D:8)
  2 crimson imps
  2 bullfrog zombies
  3 orc priests
  A hound (D:4)
  4 orc wizards
  Jessica (D:2)
  2 bullfrog skeletons
  2 worker ants (D:5)
  A howler monkey zombie (D:5)
  2 hound skeletons
  A worker ant zombie (D:7)
  Robin (D:2)
  4 adders
  4 gnolls
  2 shadow imps
  An ooze (D:1)
  An adder zombie (D:5)
  4 worms
  4 dart slugs
  4 leopard geckos
  22 orcs
  5 bats
  3 giant cockroaches
  13 goblins
  11 hobgoblins
  11 jackals
  2 kobolds (D:2)
  6 quokkas
  3 ball pythons
  3 frilled lizards
  A leopard gecko skeleton (D:6)
  A leopard gecko zombie (D:5)
  A quokka skeleton (D:7)
  7 rats
  A spectral orc (D:4)
148 creatures vanquished.

Notes
Turn   | Place    | Note
-------+----------+-------------------------------------------
     0 | D:1      | Duffy the Naga Wizard began the quest for the Orb.
     0 | D:1      | Reached XP level 1. HP: 15/15 MP: 4/4
   390 | D:2      | Reached XP level 2. HP: 22/22 MP: 4/6
   414 | D:2      | Learned a level 2 spell: Blink
   417 | D:2      | Learned a level 2 spell: Call Imp
   877 | D:3      | Noticed Grinder
   982 | D:3      | Reached XP level 3. HP: 28/28 MP: 5/7
  1185 | D:4      | Found a sparkling altar of Nemelex Xobeh.
  1205 | D:3      | Learned a level 3 spell: Conjure Flame
  1288 | D:4      | Got a faintly humming robe
  1310 | D:4      | Identified the +1 robe of the Poles {Str+4 Dex+4} (You
                  | found it on level 4 of the Dungeon)
  1366 | D:4      | Reached XP level 4. HP: 36/36 MP: 4/9
  1587 | D:4      | You fall through a shaft!
  1587 | D:5      | Entered Level 5 of the Dungeon
  1698 | D:5      | Found Nuxke's Book Shoppe.
  1887 | D:4      | Reached XP level 5. HP: 32/42 MP: 5/11
  1976 | D:4      | Found a basalt altar of Yredelemnul.
  2939 | D:5      | Reached XP level 6. HP: 49/49 MP: 7/13
  2944 | D:5      | Learned a level 3 spell: Mephitic Cloud
  3388 | D:6      | Reached skill level 5 in Spellcasting
  3535 | D:6      | Found a shimmering altar of Xom.
  3535 | D:6      | Found a glowing silver altar of Zin.
  3536 | D:6      | Noticed an angel
  3555 | D:6      | Found a glowing golden altar of the Shining One.
  3658 | D:6      | Noticed a phantom
  3684 | D:6      | Killed a phantom
  3684 | D:6      | Reached skill level 5 in Conjurations
  3684 | D:6      | Reached XP level 7. HP: 21/55 MP: 2/15
  4656 | D:6      | Found a sparkling altar of Nemelex Xobeh.
  4786 | D:6      | Found a deep blue altar of Sif Muna.
  4910 | D:6      | Reached skill level 1 in Fighting
  5511 | D:6      | Reached skill level 2 in Fighting
  5699 | D:7      | Reached XP level 8. HP: 62/68 MP: 13/17
  5921 | D:7      | Reached skill level 3 in Fighting
  6144 | D:7      | Found a hazy altar of Hepliaklqana.
  6360 | D:7      | Found a staircase to the Ecumenical Temple.
  6369 | Temple   | Entered the Ecumenical Temple
  6581 | Temple   | Became a worshipper of Vehumet
  7083 | D:1      | You fall through a shaft!
  7084 | D:2      | Noticed Robin
  7264 | D:2      | Killed Robin
  7416 | D:2      | Found an opulent altar of Gozag.
  7649 | D:1      | Reached skill level 4 in Fighting
  7719 | D:1      | Reached * piety under Vehumet
  7719 | D:1      | Offered knowledge of Flame Tongue by Vehumet.
  8072 | D:2      | Found a stormy altar of Qazlal.
  8090 | D:2      | Noticed Jessica
  8095 | D:2      | Killed Jessica
  8166 | D:2      | Found a white marble altar of Elyvilon.
  8619 | D:3      | Reached skill level 1 in Shields
  9641 | D:8      | Noticed a two-headed ogre
  9653 | D:8      | Killed a two-headed ogre
  9653 | D:8      | Reached skill level 7 in Fighting
  9653 | D:8      | Reached XP level 9. HP: 23/86 MP: 16/18
  9974 | D:8      | Slain by a gnoll

Vault maps used:
D:1:      scummos_arrival_gate
D:2:      grunt_qazlal_sundering, overflow_temple_1_default,
          lemuel_crystal_altar, minmay_misc_feat_square, uniq_robin,
          uniq_jessica
D:3:      first_ration, bh_walls_and_bars, uniq_grinder
D:4:      overflow_temple_1_default, yredelemnul_forgotten_temple_becter
D:5:      serial_shops, kennysheep_mini, hangedman_decor_diamond_cutter
D:6:      lemuel_crystal_altar, overflow_temple_1_default,
          grunt_temple_overflow_order_and_chaos_1, chequers_avenue,
          nemelex_xobeh_ov_fountains_minmay
D:7:      old_standard_altar, minmay_temple_entry_overgrown
D:8:      kennysheep_little_box, serial_glass, glass_columns_a, glass_columns_c,
          glass_columns_b
Temple:   minmay_temple_curvy_loop

Skill      XL: |  1  2  3  4  5  6  7  8 |
---------------+-------------------------+-----
Conjurations   | 2 3 4 5 6 |  6.3
Spellcasting   | 4 5 6 |  6.6
Fighting       | 2 7 |  7.3
Shields        | 1 |  1.7
Dodging        | |  1.5
Stealth        | |  3.0
Summonings     | |  1.0
Translocations | |  1.0

Action                   |  1- 3 |  4- 6 |  7- 9 || total
-------------------------+-------+-------+-------++-------
Melee: Spear             |     1 |     3 |       ||     4
       Dagger            |       |    39 |   252 ||   291
 Cast: Magic Dart        |    67 |   103 |   126 ||   296
       Conjure Flame     |     1 |     5 |     8 ||    14
       Blink             |       |     2 |     2 ||     4
 Abil: Spit Poison       |    20 |     7 |       ||    27
  Use: Scroll            |       |       |    14 ||    14
       Potion            |       |       |     4 ||     4
 Stab: Sleeping          |       |       |    11 ||    11
       Invisible         |       |       |     1 ||     1
  Eat: Chunk             |     1 |     6 |    12 ||    19
       Ration            |       |       |     1 ||     1
Armor: Robe              |     7 |    12 |   103 ||   122
Dodge: Dodged            |    24 |    33 |   102 ||   159
Block: Buckler           |       |       |    15 ||    15

Table legend:
 A = Non-vault XP
 B = Vault XP
 C = Vault XP percentage of total XP
 D = Non-vault monster count
 E = Vault monster count
 F = Vault count percentage of total count
                 A         B        C        D         E       F
            +---------+---------+-------+---------+---------+-------
      Total |    2955 |      73 |   2.4 |     134 |      14 |   9.5
            +---------+---------+-------+---------+---------+-------
        D:1 |      48 |       0 |   0.0 |      22 |       0 |   0.0
        D:2 |      87 |      72 |  45.3 |      20 |      13 |  39.4
        D:3 |     231 |       0 |   0.0 |      29 |       0 |   0.0
        D:4 |     192 |       1 |   0.5 |      17 |       1 |   5.6
        D:5 |     209 |       0 |   0.0 |      15 |       0 |   0.0
        D:6 |     656 |       0 |   0.0 |      16 |       0 |   0.0
        D:7 |     575 |       0 |   0.0 |      12 |       0 |   0.0
        D:8 |     957 |       0 |   0.0 |       3 |       0 |   0.0
            +---------+---------+-------+---------+---------+-------
